 Dungeon Crawl Stone Soup version 0.27.1-33-g824d729ab1 (webtiles) character file.

Game seed: 6313186208765503322

18 jlumianski the Skirmisher (level 2, -2/20 HPs)
             Began as a Gargoyle Monk on Dec 17, 2021.
             Killed from afar by Natasha (6 damage)
             ... with a magic dart
             ... on level 2 of the Dungeon.
             The game lasted 00:03:31 (1000 turns).

jlumianski the Skirmisher (Gargoyle Monk)           Turns: 1000, Time: 00:03:32

Health: -2/20      AC:  4    Str: 14    XL:     2   Next: 70%
Magic:  2/2        EV: 12    Int: 10    God:
Gold:   63         SH:  0    Dex: 12    Spells: 1/1 levels left

rFire    . . .     SeeInvis .   f - +0 rapier
rCold    . . .     Faith    .   (no shield)
rNeg     + . .     Spirit   .   b - +0 robe
rPois    ∞         Reflect  .   (no helmet)
rElec    +         Harm     .   (no cloak)
rCorr    .         Rampage  .   (no gloves)
Will     .....                  (no boots)
Stlth    ++........             (no amulet)
HPRegen  0.06/turn              (no ring)
MPRegen  0.08/turn              (no ring)

@: flying
A: sickness immunity, AC +2, negative energy resistance 1, electricity
resistance, torment resistance 1, petrification resistance
a: no special abilities


You were on level 2 of the Dungeon.
You visited 1 branch of the dungeon, and saw 2 of its levels.

You collected 63 gold pieces.

Inventory:

Hand Weapons
 a - a +0 short sword
 f - a +0 rapier (weapon)
Missiles
 i - 6 bolts
Armour
 b - a +0 robe (worn)
 g - a +0 buckler
Scrolls
 e - a scroll of torment {unknown}
 h - a scroll of identify {unknown}
 j - a scroll of fear {unknown}
 k - 2 scrolls of amnesia {unknown}
 l - a scroll of enchant weapon {unknown}


   Skills:
 + Level 3.6 Fighting
 + Level 3.1 Short Blades
 + Level 2.5 Dodging
 + Level 2.2 Stealth


You had one spell level left.
You didn't know any spells.
Your spell library was empty.

Dungeon Overview and Level Annotations

Branches:
Dungeon (2/15)

Altars:

Shops:
D:1 [

Annotations:
D:2 Natasha


Innate Abilities, Weirdness & Mutations

You are immune to sickness and miasma.
Your stone body is resilient. (AC +2)
You are immune to poison.
You resist negative energy. (rN+)
You are resistant to electric shocks. (rElec)
You are resistant to unholy torment.
You are immune to petrification.


Message History

You hit the ball python but do no damage.
The ball python bites you but does no damage.
The ball python barely misses you.
You hit the ball python.
The ball python is severely wounded.
The ball python bites you. The ball python grabs you.
The ball python constricts you.
You hit the ball python.
You kill the ball python!
You see here a ball python corpse.
Found a robe.
k - 2 scrolls labelled BAF CUNYQASH (gained 1)
Found a stone staircase leading up.
There is a stone staircase leading up here.
Natasha, Servant of Life and Death comes into view.
Found a sapphire potion and a fuming dark potion.
Natasha hisses angrily.
A ball python comes into view.
Natasha stares at you and mumbles some strange words.
The magic dart hits you!
You hit Natasha.
Natasha is moderately wounded.
Natasha casts a spell at you. The magic dart hits you!
* * * LOW HITPOINT WARNING * * *
You hit Natasha.
Natasha is heavily wounded.
Natasha claws you.
* * * LOW HITPOINT WARNING * * *
Natasha stares at you and mumbles some strange words.
You resist with significant effort.
It was a potion of flight.
You feel very buoyant.
You fly up into the air.
Natasha claws you but does no damage.
As you read the scroll labelled HEBONI GID CUIM, it crumbles to dust.
The creatures around you are filled with an inner flame!
It was a scroll of immolation.
Natasha stares at you and mumbles some strange words.
The magic dart hits you.
You die...

#.# #.# #.# #.# #.# #.#
################.#######
#[..........<..........# #
...#############@#####.#.####.
...# #h##......!.... .#.#
#.##.##.#.##### .#.#
#.##.##.#.# .#.# #....##.# .
.#.# #######.# .# .#.# #.. .
.#.# ##. .! .#.# .


You could see Natasha (inner flame).

Vanquished Creatures
  2 dart slugs (D:1)
  2 endoplasms (D:1)
  A giant cockroach (D:1)
  A goblin (D:2)
  A hobgoblin (D:1)
  A quokka (D:1)
  2 ball pythons
  2 bats
  2 frilled lizards
  A rat (D:1)
15 creatures vanquished.

Notes
Turn   | Place    | Note
-------+----------+-------------------------------------------
     0 | D:1      | jlumianski the Gargoyle Monk began the quest for the Orb.
     0 | D:1      | Reached XP level 1. HP: 14/14 MP: 1/1
   316 | D:1      | Found Viash's Armour Boutique.
   365 | D:1      | Reached XP level 2. HP: 14/19 MP: 2/2
   983 | D:2      | Noticed Natasha
  1000 | D:2      | Killed from afar by Natasha

Illustrated notes

Levels and vault maps discovered:
D:1:      arrival_zaba_pyramid, layout_rooms, serial_shops,
          nicolae_shop_behind_doors
D:2:      layout_loops_ring, uniq_natasha

Skill      XL: |  1  2 |
---------------+-------+-----
Short Blades   | 3 |  3.1
Fighting       | |  3.6
Dodging        | |  2.5
Stealth        | |  2.2

Action                   || total
-------------------------++-------
Melee: Short sword       ||    44
       Rapier            ||    19
  Use: Scroll            ||     1
       Potion            ||     1
Armor: Robe              ||    13
Dodge: Dodged            ||    39
